Map: Port Aleksander LE

Players

Geralt (Gerald)

  • Race: Protoss Protoss
  • League: Grandmaster
  • Spawn Location: 5:00

Lambo - Winner!

  • Race: Zerg Zerg
  • League: Grandmaster
  • Spawn Location: 11:00

VOD

Have the link to the VOD?

Description

Time

  • Played on: Jan. 6, 2019, 10:46 a.m.
  • Length: 12:25
Show
View Real Time Build Order
Export as new Build Order

Geralt Protoss 

Build Orders: 1 Gate Expand, Oracle Opening, Phoenix Opening 

Get SALT Encoding   

  12  0:00  Probe  
  13  0:13  Probe  
  14  0:20  Pylon  
  14  0:25  Probe  
  15  0:30  Assimilator  
  15  0:35  Probe  
  16  0:43  Probe  
  17  0:51  Gateway  
  17  0:52  Probe  
  18  1:04  Probe  
  19  1:16  Probe  
  20  1:29  Nexus  
  20  1:32  Probe  
  21  1:42  Cybernetics Core  
  22  1:49  Assimilator  
  22  1:50  Probe  
  22  1:57  Pylon  
  22  2:02  Probe  
  23  2:10  Adept  
  23  2:15  Probe  
  24  2:22  Stargate  
  26  2:27  Probe  
  26  2:29  Adept  
  27  2:36  Warp Gate  
  29  2:47  Probe  
  30  2:53  Adept  
  30  2:56  Probe  
  33  3:01  Probe  
  33  3:02  Oracle  
  34  3:06  Gateway  
  34  3:09  Probe  
  38  3:13  Probe  
  39  3:21  Probe  
  39  3:22  Pylon  
  39  3:25  Probe  
  41  3:30  Phoenix  
  41  3:33  Probe  
  42  3:37  Probe  
  45  3:45  Probe  
  46  3:54  Probe  
  43  3:57  Oracle, Probe  
  47  4:06  Probe  
  47  4:09  Probe  
  49  4:10  Assimilator  
  49  4:14  Pylon  
  49  4:16  Shield Battery  
  49  4:20  Probe, Twilight Council  
  49  4:21  Probe  
  51  4:29  Pylon  
  51  4:32  Probe  
  51  4:33  Probe  
  51  4:36  Gateway, Resonating Glaives  
  53  4:40  Gateway  
  54  4:46  Gateway x2  
  54  4:48  Pylon  
  54  4:50  Oracle  
  56  5:05  Probe x2  
  58  5:12  Pylon  
  58  5:16  Adept x2  
  58  5:17  Probe  
  63  5:25  Pylon  
  60  5:37  Adept x2  
  60  5:38  Adept  
  60  5:40  Nexus  
  66  5:43  Pylon  
  66  5:46  Adept  
  66  5:47  Adept x2  
  72  5:51  Probe  
  72  5:53  Assimilator  
  72  5:55  Phoenix  
  75  5:58  Adept  
  75  5:59  Adept x2  
  81  6:09  Probe  
  81  6:10  Adept x2  
  86  6:22  Pylon  
  86  6:24  Stargate  
  86  6:30  Pylon  
  86  6:32  Stargate  
  86  6:40  Probe x2  
  79  6:52  Probe  
  80  6:54  Phoenix  
  80  6:57  Probe  
  75  7:04  Probe  
  75  7:06  Adept x6  
  87  7:08  Probe  
  87  7:09  Probe  
  86  7:16  Probe  
  86  7:19  Phoenix  
  86  7:20  Probe  
  86  7:21  Probe  
  83  7:23  Phoenix x2  
  83  7:29  Probe  
  88  7:32  Probe  
  88  7:35  Assimilator  
  88  7:37  Assimilator  
  89  7:39  Pylon  
  87  7:44  Adept  
  87  7:45  Adept x5  
  87  7:50  Probe x2  
  101  7:53  Probe  
  101  7:55  Phoenix  
  104  8:00  Phoenix  
  104  8:02  Probe  
  99  8:17  Gateway  
  99  8:18  Gateway  
  97  8:20  Phoenix x3  
  97  8:21  Probe  
  97  8:22  Pylon  
  104  8:38  Probe  
  104  8:40  Nexus  
  103  8:42  Probe  
  103  8:43  Probe  
  103  8:47  Fleet Beacon  
  105  8:49  Pylon  
  105  8:50  Probe  
  105  8:51  Assimilator  
  105  8:55  Assimilator, Phoenix x2  
  110  8:58  Phoenix  
  110  9:00  Adept  
  110  9:02  Probe  
  115  9:06  Probe  
  115  9:07  Gateway  
  116  9:20  Phoenix x2  
  120  9:27  Probe  
  120  9:29  Mothership  
  122  9:36  Forge  
  129  9:53  Carrier  
  129  9:55  Stalker x3  
  141  10:08  Carrier  
  139  10:24  Probe  
  139  10:25  Probe x2  
  138  10:33  Photon Cannon  
  138  10:35  Photon Cannon  
  138  10:36  Probe, Photon Cannon  
  138  10:37  Carrier  
  138  10:38  Photon Cannon, Shield Battery  
  138  10:39  Probe  
  138  10:41  Shield Battery  
  138  10:42  Shield Battery  
  146  10:44  Pylon, Shield Battery  
  146  10:46  Adept x5  
  156  10:51  Photon Cannon  
  156  10:52  Photon Cannon  
  156  10:53  Shield Battery  
  156  10:54  Shield Battery  
  156  11:02  Carrier  
  162  11:09  Pylon  
  162  11:11  Pylon  
  160  11:17  Carrier  
  156  11:21  Adept x3  
  150  11:45  Nexus  
  156  11:48  Pylon  
  156  11:51  Pylon  
  137  12:19  Zealot x2  
  137  12:20  Zealot x2  
Show
View Real Time Build Order
Export as new Build Order

Lambo Zerg - Winner!

Build Orders: Hatch First, Lurkers, Roach Hydra 

Get SALT Encoding   

  12  0:00  Drone  
  13  0:12  Overlord  
  13  0:17  Drone  
  14  0:31  Drone x2  
  16  0:45  Drone  
  17  0:53  Hatchery  
  17  0:56  Drone  
  17  0:59  Drone  
  18  1:10  Extractor  
  17  1:14  Spawning Pool  
  17  1:18  Drone  
  17  1:21  Drone  
  18  1:28  Drone  
  19  1:39  Drone  
  20  1:50  Overlord  
  20  2:02  Queen  
  20  2:04  Zergling x2  
  20  2:05  Queen, Zergling x2  
  26  2:10  Metabolic Boost  
  26  2:12  Zergling x2  
  27  2:19  Drone  
  28  2:24  Drone  
  29  2:30  Drone  
  30  2:39  Hatchery  
  29  2:47  Drone  
  29  2:48  Drone  
  31  2:58  Queen, Drone x2  
  33  3:04  Overlord  
  34  3:10  Drone  
  35  3:14  Zergling x2  
  36  3:22  Zergling x4  
  36  3:24  Drone  
  36  3:26  Overlord  
  39  3:30  Drone x2  
  39  3:33  Drone  
  42  3:48  Drone  
  41  3:50  Drone  
  41  3:52  Spore Crawler  
  41  3:53  Drone x2  
  41  3:54  Drone x3  
  44  4:04  Drone x2  
  44  4:07  Drone x2  
  48  4:10  Drone x2  
  48  4:11  Queen, Spore Crawler  
  48  4:15  Drone  
  51  4:18  Overlord  
  50  4:25  Overlord  
  50  4:28  Lair  
  50  4:30  Spore Crawler  
  49  4:39  Drone x3  
  49  4:40  Drone x3  
  49  4:43  Overlord  
  49  4:44  Drone  
  56  4:54  Drone x5  
  60  5:00  Roach Warren  
  60  5:03  Drone x3  
  60  5:05  Drone x2  
  62  5:08  Extractor  
  62  5:09  Extractor  
  62  5:10  Drone x3  
  62  5:13  Zergling x4  
  65  5:20  Drone x2  
  67  5:23  Extractor, Drone  
  67  5:24  Drone  
  67  5:25  Evolution Chamber  
  67  5:26  Zergling x4  
  69  5:28  Drone  
  69  5:30  Queen  
  72  5:36  Overlord  
  72  5:37  Overlord x2  
  72  5:42  Overlord  
  72  5:43  Extractor  
  71  5:50  Overlord  
  71  5:54  Overlord, Glial Reconstitution  
  71  5:56  Drone x3  
  74  5:57  Zerg Missile Weapons Level 1  
  74  5:59  Hydralisk Den, Drone x3  
  78  6:04  Roach x4  
  78  6:09  Roach x2  
  87  6:12  Roach  
  87  6:13  Roach  
  89  6:18  Roach x2  
  89  6:19  Roach  
  89  6:25  Roach  
  97  6:27  Roach  
  97  6:28  Roach  
  99  6:40  Roach x4  
  99  6:43  Overlord  
  103  6:50  Overlord  
  103  6:51  Drone x3  
  103  6:52  Drone x3  
  107  6:56  Drone x2  
  103  7:03  Drone  
  103  7:08  Drone  
  103  7:09  Drone x2  
  103  7:10  Drone  
  103  7:11  Drone  
  103  7:13  Drone  
  108  7:16  Drone x2  
  108  7:20  Muscular Augments  
  107  7:26  Pneumatized Carapace  
  106  7:30  Overseer  
  106  7:31  Drone x3  
  106  7:32  Drone x3  
  106  7:34  Extractor  
  111  7:37  Drone x4  
  111  7:38  Lurker Den  
  111  7:42  Drone x2  
  115  7:44  Hatchery  
  114  7:53  Drone  
  115  8:03  Drone  
  115  8:07  Hydralisk x2  
  115  8:08  Hydralisk x5  
  129  8:26  Overlord x3  
  129  8:27  Zerg Missile Weapons Level 2  
  129  8:31  Overlord  
  129  8:32  Extractor, Grooved Spines  
  129  8:33  Extractor  
  127  8:34  Overlord  
  127  8:35  Overlord  
  127  8:38  Spore Crawler  
  127  8:39  Overlord x2  
  127  8:41  Overlord  
  126  8:44  Spore Crawler  
  126  8:45  Overlord  
  125  8:50  Overlord  
  125  8:51  Hydralisk x6  
  137  8:56  Overseer, Infestation Pit  
  137  8:57  Hydralisk  
  138  9:02  Hydralisk  
  138  9:03  Hydralisk  
  144  9:12  Hydralisk x3  
  144  9:13  Hydralisk x2  
  152  9:17  Overlord  
  152  9:19  Overlord  
  151  9:27  Hydralisk x3  
  151  9:31  Hydralisk x2  
  153  9:34  Hydralisk  
  153  9:37  Hydralisk  
  161  9:44  Hydralisk x3  
  165  9:48  Hydralisk x2  
  167  9:55  Hydralisk x2  
  167  9:59  Overlord  
  171  10:00  Hydralisk  
  171  10:02  Overseer x2  
  173  10:09  Hydralisk x2  
  173  10:10  Hydralisk  
  179  10:15  Hydralisk x2  
  182  10:21  Hydralisk x2  
  183  10:29  Hydralisk  
  183  10:30  Hydralisk x2  
  183  10:33  Lurker x2  
  183  10:34  Lurker  
  192  10:36  Lurker  
  192  10:38  Hydralisk  
  192  10:40  Lurker  
  196  10:47  Overseer x3  
  196  10:50  Hydralisk x2  
  198  11:30  Overseer x2  
  198  11:31  Overseer x2  
  198  11:32  Overseer x2  
  196  11:35  Hydralisk  
  196  11:36  Hydralisk  
  196  11:37  Infestation Pit  
  200  11:47  Drone  
  200  11:49  Overseer x4  
Tags
 
Add a new tag
Caveats
  • Supply blocks, unpowered buildings, or Contaminate may cause inaccurate times.
  • Supply counts are checked every 10 seconds.